 Dungeon Crawl Stone Soup version 0.30-a0-310-g7d6cbdfea6 (webtiles) character file.

Game seed: 27984485582760286

511 IdlyInterested the Trooper (level 6, -14/56 HPs)
             Began as a Demonspawn Wanderer on Oct 24, 2022.
             Demolished by an ogre
             ... wielding a +0 giant club
              (24 damage)
             ... on level 5 of the Dungeon.
             The game lasted 00:12:30 (4159 turns).

IdlyInterested the Trooper (Demonspawn Wanderer)    Turns: 4159, Time: 00:12:31

Health: -14/56     AC: 14    Str: 12    XL:     6   Next: 99%
Magic:  7/7        EV: 11    Int: 13    God:
Gold:   58         SH:  0    Dex: 21    Spells: 6/7 levels left

rFire   . . .      SeeInvis +    p - +3 rapier (protect)
rCold   . . .      Faith    .    (no shield)
rNeg    . . .      Spirit   .    m - +0 ring mail
rPois   .          Reflect  .    (no helmet)
rElec   .          Harm     .    (no cloak)
rCorr   .          Rampage  .    (no gloves)
Will    .....                    b - +0 pair of boots
Stlth   ++........               r - amulet of the acrobat
HPRegen 0.29/turn                f - +6 ring of dexterity
MPRegen 0.20/turn                l - ring of see invisible

@: under a protective aura
A: rugged brown scales 1, magic regeneration, weakness stinger 2
a: no special abilities


You were on level 5 of the Dungeon.
You visited 1 branch of the dungeon, and saw 5 of its levels.

You collected 238 gold pieces.
You spent 180 gold pieces at shops.

Inventory:

Hand Weapons
 n - a +0 war axe of flaming
 p - a +3 rapier of protection (weapon)
 t - a +0 rapier
 y - a +0 trident
Missiles
 a - 2 boomerangs (quivered)
 g - 3 curare-tipped darts
Armour
 b - a +0 pair of boots (worn)
 d - a +0 robe
 m - a +0 ring mail (worn)
 o - a +0 leather armour
 s - a +0 chain mail
 E - a +0 plate armour
Jewellery
 f - a +6 ring of dexterity (left hand)
 l - a ring of see invisible (right hand)
 r - an amulet of the acrobat (around neck)
Scrolls
 c - a scroll of fog
 h - a scroll of amnesia
 v - 2 scrolls of enchant armour
 z - a scroll of fear
 D - a scroll of blinking
Potions
 e - a potion of haste
 i - a potion of brilliance
 k - a potion of cancellation
 q - 3 potions of curing
 u - 4 potions of heal wounds
 w - 2 potions of attraction
 A - a potion of mutation
 B - a potion of invisibility


   Skills:
 + Level 7.1 Fighting
 - Level 2.0 Throwing
 - Level 1.0 Armour
 - Level 1.7 Dodging
 * Level 1.3 Stealth
 - Level 1.0 Spellcasting
 - Level 1.7 Translocations
 - Level 2.0 Evocations


You had 6 spell levels left.
You knew the following spells:

 Your Spells              Type           Power      Damage    Failure   Level
a - Apportation           Tloc           10%        N/A       30%         1

Your spell library contained the following spells:

 Spells                   Type           Power      Damage    Failure   Level
 Summon Small Mammal      Summ           0%         N/A       54%         1
 Gell's Gravitas          Tloc           5%         N/A       67%         3
 Lesser Beckoning         Tloc           10%        N/A       67%         3
 Kindle Blastsparks       Fire/Tloc/Air  4%         2d10      83%         3
 Call Canine Familiar     Summ           0%         N/A       88%         3
 Summon Guardian Golem    Hex/Summ       0%         N/A       88%         3
 Fulminant Prism          Conj/Hex       0%         3d6       99%         4
 Iskenderun's Mystic Bla  Conj/Tloc      2%         2d3       99%         4
 Lee's Rapid Deconstruct  Erth           0%         3d4*      100%        5


Dungeon Overview and Level Annotations

Branches:
Dungeon (5/15)             Temple (0/1) D:5

Altars:
Ashenzari
Makhleb
Sif Muna

Shops:
D:4 *


Innate Abilities, Weirdness & Mutations

You are partially covered in rugged brown scales. (AC +1, +3% HP)
You regenerate magic rapidly.
You have a tail ending in a sharp stinger.


Message History

A hound comes into view.
Found a burning altar of Makhleb.
Found a human corpse.
The helpless hound fails to defend itself.
You hit the hound.
Your weapon exudes an aura of protection.
The hound is heavily wounded.
The hound closely misses you. The hound bites you but does no damage.
You puncture the hound!
You kill the hound!
There is a burning altar of Makhleb here.
You see here a human corpse.
You open the door.
There is an open door here.
You open the door.
There is an open door here.
An ogre comes into view. It is wielding a +0 giant club.
The ogre shouts!
You hit the ogre but do no damage.
Your weapon exudes an aura of protection.
The ogre hits you with a +0 giant club!!
You hit the ogre.
The ogre is lightly wounded.
The ogre hits you with a +0 giant club!
You hit the ogre. You tail-slap the ogre.
The ogre is moderately wounded.
You hit the ogre.
The ogre is heavily wounded.
The ogre barely misses you.
You hit the ogre but do no damage.
The ogre is heavily wounded.
The ogre completely misses you.
You hit the ogre. You punch the ogre.
The ogre is severely wounded.
The ogre hits you with a +0 giant club!!
* * * LOW HITPOINT WARNING * * *
You hit the ogre.
The ogre is severely wounded.
The ogre hits you with a +0 giant club!!
You die...

,,,,,*,,**,,,#......#....##..####
,,,,**,,**,,,#......#....##.....#
##+***,,**,,,#......####+##.....#
.#,,,,,,,,,,,#......#,,.........'
.#,,,,,,,,,,,#......+,..........#
.#,,**,,,,,,,+......#,...#####+##
.#,,**,,,,,,,#......#,...#.......
.#,,*,,,**,,,#..O...###+##.......
##,,**,,**,,,**#@...............)
,,,,,*****,,,,,#................)
,,,,,* *,,,,,,#..........#######
***,** **######.........,#.....#
*,* *,..........#######.....'
*,** *,......#'###....#......#
***,,****,......+........#......#
,,,,,,,,*,......#..##....##.....#
,,,,,,,,,,#######..##....##.....#


You could see an ogre.

Vanquished Creatures
  A phantom (D:3)
  3 wights (D:4)
  A hound (D:5)
  2 iguanas
  An orc wizard (D:3)
  4 gnolls (D:5)
  6 adders
  An ufetubus (D:4)
  2 worms
  3 dart slugs
  3 orcs (D:3)
  5 ball pythons
  7 endoplasms
  4 giant cockroaches
  5 goblins
  9 hobgoblins
  4 jackals (D:1)
  2 quokkas
  5 bats
  A frilled lizard (D:3)
  7 kobolds
  6 rats
82 creatures vanquished.

Vanquished Creatures (others)
  14 fungi (D:5)
14 creatures vanquished.

Grand Total: 96 creatures vanquished

Notes
Turn   | Place    | Note
-------+----------+-------------------------------------------
     0 | D:1      | IdlyInterested the Demonspawn Wanderer began the quest for
                  | the Orb.
     0 | D:1      | IdlyInterested set off with the following items: a +0 club,
                  | a +0 pair of boots, a scroll of fog, a +0 robe, a potion of
                  | lignification; and the following spell memorised:
                  | Apportation; and the following spells available to
                  | memorise: Gell's Gravitas, Lesser Beckoning.
     0 | D:1      | Reached XP level 1. HP: 18/18 MP: 2/2
   235 | D:1      | Gained mutation: You have a small tail. [demonic ancestry]
   235 | D:1      | Reached XP level 2. HP: 16/24 MP: 3/3
   435 | D:1      | Found a faded altar of an unknown god.
   464 | D:1      | Reached skill level 1 in Throwing
   592 | D:1      | Gained mutation: You are partially covered in rugged brown
                  | scales. (AC +1, +3% HP) [demonic ancestry]
   592 | D:1      | Reached XP level 3. HP: 25/30 MP: 4/4
   904 | D:2      | Reached skill level 4 in Fighting
  1625 | D:3      | Reached XP level 4. HP: 24/39 MP: 5/5
  1680 | D:3      | Noticed a phantom
  1689 | D:3      | Killed a phantom
  1690 | D:3      | Reached skill level 5 in Fighting
  1690 | D:3      | Gained mutation: You regenerate magic rapidly. [demonic
                  | ancestry]
  1690 | D:3      | Reached XP level 5. HP: 40/45 MP: 6/6
  2135 | D:3      | Reached skill level 1 in Evocations
  2381 | D:3      | Reached skill level 6 in Fighting
  2851 | D:4      | Found Viuteg's General Store.
  2859 | D:4      | Bought a scroll of enchant armour for 90 gold pieces
  3266 | D:4      | Found a broken altar of Ashenzari.
  3417 | D:4      | Gained mutation: You have a tail ending in a sharp stinger.
                  | [demonic ancestry]
  3417 | D:4      | Reached XP level 6. HP: 27/53 MP: 7/7
  3772 | D:4      | Bought a scroll of blinking for 90 gold pieces
  3806 | D:5      | Entered Level 5 of the Dungeon
  3806 | D:5      | Found a shimmering blue altar of Sif Muna.
  3942 | D:5      | Reached skill level 7 in Fighting
  4110 | D:5      | Found a burning altar of Makhleb.
  4159 | D:5      | Demolished by an ogre

Illustrated notes

Levels and vault maps discovered:
D:1:      dpeg_arrival_connections, layout_basic,
          nicolae_ecumenical_lake_church, lemuel_flame_loot_1
D:2:      layout_loops_ring
D:3:      layout_loops_corners, minmay_starry_boxes
D:4:      layout_basic, kennysheep_little_box, serial_shops, shop
D:5:      layout_gridville, mainiacjoe_overflow_chevrons,
          makhleb_blood_cavern_becter, nicolae_overflow_crystal_walls,
          mainiacjoe_overflow_alcove_1, lemuel_coloured_pillars_altar,
          minmay_temple_entry_offerings

Skill      XL: |  1  2  3  4  5  6 |
---------------+-------------------+-----
Throwing       | 1 2 |  2.0
Fighting       | 4 5 6 7 |  7.1
Evocations     | 1 2 |  2.0
Armour         | |  1.0
Dodging        | |  1.7
Stealth        | |  1.3
Spellcasting   | |  1.0
Translocations | |  1.7

Action                   |  1- 3 |  4- 6 || total
-------------------------+-------+-------++-------
Melee: Club              |    32 |       ||    32
       Punch             |     1 |     3 ||     4
       War axe           |    60 |       ||    60
       Tailslap          |    16 |    30 ||    46
       Rapier            |    14 |   158 ||   172
Throw: Stone             |     5 |       ||     5
  Use: Scroll            |     7 |     9 ||    16
       Potion            |     1 |     1 ||     2
 Stab: Sleeping          |     5 |     1 ||     6
       Invisible         |       |     2 ||     2
Armor: Robe              |     9 |       ||     9
       Leather armour    |    24 |       ||    24
       Ring mail         |     7 |    70 ||    77
Dodge: Dodged            |    73 |   117 ||   190

Table legend: (Time is in decaauts)
 A = Elapsed time spent in this place.
 B = Non-inter-level travel time spent in this place.
 C = Inter-level travel time spent in this place.
 D = Time resting spent in this place.
 E = Time spent auto-exploring this place.
 F = Levels seen in this place.
 G = Mean time per level.
                   A        B        C        D        E       F      G
               +--------+--------+--------+--------+--------+-----+--------+
         Total |   4238 |   3626 |    612 |    521 |   1999 |   5 |  847.6 |
       Dungeon |   4238 |   3626 |    612 |    521 |   1999 |   5 |  847.6 |
               +--------+--------+--------+--------+--------+-----+--------+

Top non-repeatable levels by time:
     D:3: 1212 daAuts
     D:4: 1043 daAuts
     D:1: 884 daAuts
     D:2: 805 daAuts
     D:5: 292 daAuts
